[Event "Titled Tuesday Blitz October 5 2021"]
[White "Siva Mahadevan"]
[Black "Goncalves, Ivan Mesquita V"]
[WhiteFideId "25043153"]
[BlackFideId "2114224"]
[WhiteElo "2203"]
[BlackElo "2299"]
[Result "1-0"]
[Round "10"]
[TimeControl "180+1"]
[Date "2021.10.05"]
[WhiteClock "0:00:18"]
[BlackClock "0:00:03"]

1. e4 c5 2. Nf3 e6 3. d4 cxd4 4. Nxd4 Nc6 5. Nc3 Qc7 6. Be2 Nf6 7. O-O a6 8. Be3 d6 9. f4 Be7 10. a4 O-O 11. Kh1 Bd7 12. Nb3 Nb4 13. Bf3 Bc6 14. a5 d5 15. e5 Ne4 16. Ne2 Bb5 17. c3 Nd3 18. Qc2 Nb4 19. Qd1 Nd3 20. Rb1 Ndc5 21. Nbd4 Ba4 22. b3 Bd7 23. Qc2 b5 24. axb6 Qxb6 25. b4 Na4 26. Nf5 Qd8 27. Nxe7+ Qxe7 28. c4 Rfc8 29. c5 Bb5 30. Rfe1 f5 31. exf6 Qxf6 32. Nd4 Nac3 33. Rbc1 e5 34. fxe5 Qxe5 35. Bg1 Qf6 36. Qb3 Bc4 37. Qa3 Re8 38. c6 Qh4 39. Nf5 Qg5 40. Ne3 Qh4 41. Bxe4 Nxe4 42. Nf5 Qg5 43. Qf3 Nd2 44. Rxe8+ Rxe8 45. Qh3 Be2 46. Be3 Rxe3 47. Qxe3 Qxf5 48. Qxe2 Nc4 49. c7 Kf7 50. Rxc4 dxc4 51. Qxc4+ Ke7 52. c8=Q Qb1+ 53. Qc1 Qxc1+ 54. Qxc1 1-0


[Site "https://www.chess.com"]

[Event "Titled Tuesday Blitz October 5 2021"]
[White "Solon, Nathan"]
[Black "Ibrahimli, Murad"]
[WhiteFideId "2017229"]
[BlackFideId "13410229"]
[WhiteElo "2661"]
[BlackElo "2109"]
[Result "0-1"]
[Round "10"]
[TimeControl "180+1"]
[Date "2021.10.05"]
[WhiteClock "0:00:13"]
[BlackClock "0:00:19"]

1. d4 Nf6 2. Bg5 e6 3. e4 h6 4. Bxf6 Qxf6 5. c3 c5 6. Nf3 cxd4 7. cxd4 Bb4+ 8. Nc3 Nc6 9. e5 Qe7 10. Bd3 g5 11. O-O g4 12. Nd2 Nxd4 13. Qxg4 Nc6 14. Rae1 Qg5 15. Qe2 Nd4 16. Qe4 Bc5 17. Nc4 Rg8 18. g3 Qh5 19. Kg2 Rb8 20. Na4 b6 21. Nxc5 bxc5 22. Nd6+ Ke7 23. Qf4 Bb7+ 24. Be4 Bxe4+ 25. Rxe4 Qg6 26. b3 f5 27. Re3 Qg5 28. Qxg5+ hxg5 29. Rc1 f4 30. Re4 f3+ 31. Kf1 Rh8 32. h4 gxh4 33. gxh4 Rbg8 34. Rxc5 Ne2 35. Ke1 Rg1+ 36. Kd2 Ra1 37. Ra4 Rf1 38. Ke3 Ng1 39. Rxa7 Re1+ 40. Kd2 Re2+ 41. Kd3 Rxf2 42. Rcc7 Rd8 43. Ne4 Rf1 44. Nf6 Rd1+ 45. Kc2 Rd4 46. Kb2 f2 47. Rc1 Ne2 48. Rf1 Rd2+ 49. Ka3 Ng3 50. Rxf2 Rxf2 0-1


[Site "https://www.chess.com"]

[Event "Titled Tuesday Blitz October 5 2021"]
[White "Spitzl, Vinzent"]
[Black "Williams, Justus"]
[WhiteFideId "12901253"]
[BlackFideId "2049929"]
[WhiteElo "2160"]
[BlackElo "2210"]
[Result "0-1"]
[Round "10"]
[TimeControl "180+1"]
[Date "2021.10.05"]
[WhiteClock "0:00:02"]
[BlackClock "0:00:18"]

1. e4 a6 2. Nf3 g6 3. d4 Bg7 4. a4 d6 5. Bc4 c6 6. O-O Nd7 7. Nc3 d5 8. exd5 Nb6 9. Bb3 Nxd5 10. Nxd5 cxd5 11. h3 Nf6 12. Bf4 O-O 13. c3 a5 14. Re1 b6 15. Qe2 e6 16. Ne5 Ba6 17. Qe3 Ne4 18. Bc2 Nd6 19. Bh6 Nf5 20. Bxf5 gxf5 21. Qg3 Qf6 22. Bg5 f4 23. Bxf4 Bc8 24. Re3 Kh8 25. Rf3 Qe7 26. Re1 f6 27. Qh4 Qe8 28. Nd3 Qxa4 29. Bh6 Ra7 30. Bxg7+ Rxg7 31. Rxf6 Rfg8 32. Nf4 Qc2 33. g3 Rg5 34. Rf7 a4 35. Re2 Qb1+ 36. Kg2 Ba6 37. Rxe6 Qf1+ 38. Kf3 Qh1+ 39. Ng2 Qd1+ 40. Kf4 Bd3 41. Ne3 Qe2 42. g4 Qxb2 43. Rh6 Qb1 44. Qxg5 Rxg5 45. Kxg5 Bg6 46. Nf5 Bxf7 47. Kf6 Bg6 48. h4 Bxf5 49. gxf5 a3 50. Kf7 Qxf5+ 51. Rf6 Qxf6+ 52. Kxf6 a2 0-1


[Site "https://www.chess.com"]

[Event "Titled Tuesday Blitz October 5 2021"]
[White "Stoyanov, Tsvetan"]
[Black "Sharapov, Evgeny"]
[WhiteFideId "2917173"]
[BlackFideId "14103133"]
[WhiteElo "2191"]
[BlackElo "2367"]
[Result "1-0"]
[Round "10"]
[TimeControl "180+1"]
[Date "2021.10.05"]
[WhiteClock "0:00:17"]
[BlackClock "0:00:05"]

1. e4 c5 2. Nf3 d6 3. d4 cxd4 4. Nxd4 Nf6 5. Nc3 Nc6 6. Bc4 Qb6 7. Nxc6 bxc6 8. O-O g6 9. Qe2 Qc7 10. f4 Nd7 11. e5 d5 12. Bd3 e6 13. Kh1 Nc5 14. f5 exf5 15. Bg5 Bg7 16. Bf6 O-O 17. Qe3 Nxd3 18. cxd3 Re8 19. Qc5 Qb6 20. Na4 Qxc5 21. Nxc5 Rb8 22. b3 Bxf6 23. exf6 f4 24. Rxf4 Bf5 25. g4 Bc8 26. d4 g5 27. Rf2 Re3 28. Rg1 Be6 29. Rg3 Rxg3 30. hxg3 Bxg4 31. Nd3 Bh5 32. Ne5 Bg6 33. Kg1 Rc8 34. Rf3 Be4 35. Rc3 Kf8 36. b4 Ke8 37. b5 Kd8 38. Nxc6+ Kd7 39. Ne5+ Kd8 40. Nxf7+ Kd7 41. Ne5+ Kd8 42. Rxc8+ Kxc8 43. f7 1-0


[Site "https://www.chess.com"]

[Event "Titled Tuesday Blitz October 5 2021"]
[White "Tasev, Dejan"]
[Black "Kotepalli, Sai Nirupama"]
[WhiteFideId "936618"]
[BlackFideId "5039444"]
[WhiteElo "2253"]
[BlackElo "2463"]
[Result "0-1"]
[Round "10"]
[TimeControl "180+1"]
[Date "2021.10.05"]
[WhiteClock "0:00:02"]
[BlackClock "0:00:05"]

1. e4 c5 2. Nf3 e6 3. c4 Nc6 4. d4 cxd4 5. Nxd4 Nf6 6. Nc3 Bc5 7. Nxc6 bxc6 8. Bd3 Qc7 9. O-O O-O 10. Kh1 d5 11. cxd5 exd5 12. h3 Be6 13. Bg5 dxe4 14. Bxf6 exd3 15. Qh5 gxf6 16. Qxc5 Qb6 17. Qd6 Rfd8 18. Qg3+ Kh8 19. Ne4 Qd4 20. f3 Bd5 21. Nc3 c5 22. Rfe1 c4 23. Re7 Be6 24. Re1 Rg8 25. Qc7 Qf2 26. Rg1 Bxh3 27. Qh2 Be6 28. Ne4 Qd4 29. Qc7 f5 30. Re1 fxe4 31. Rxe4 Qf6 32. R4xe6 Qh4+ 33. Kg1 d2 34. Rd7 Qe1+ 35. Rxe1 dxe1=Q+ 36. Kh2 Qh4+ 37. Kg1 Qg3 38. Qxg3 Rxg3 39. Rxf7 Rg6 40. Kf2 Rb6 41. g4 Rxb2+ 42. Kg3 c3 43. Rc7 c2 44. g5 Rxa2 45. Kg4 Rb2 46. f4 Rd8 47. f5 Kg8 48. g6 hxg6 49. f6 Rf8 50. Kg5 Rxf6 51. Kxf6 a5 52. Kxg6 Kf8 53. Kf6 Ke8 54. Ke6 Kd8 55. Rc4 a4 56. Kd6 a3 57. Ra4 Ke8 58. Ke6 Kf8 59. Kf6 Ke8 60. Ke6 Kd8 61. Kd6 c1=Q 62. Ra8+ Qc8 63. Rxc8+ Kxc8 0-1


[Site "https://www.chess.com"]

[Event "Titled Tuesday Blitz October 5 2021"]
[White "Tikhonov, Viacheslav"]
[Black "Itkis, Boris"]
[WhiteFideId "44196407"]
[BlackFideId "1209167"]
[WhiteElo "1773"]
[BlackElo "2227"]
[Result "1-0"]
[Round "10"]
[TimeControl "180+1"]
[Date "2021.10.05"]
[WhiteClock "0:01:51"]
[BlackClock "0:01:01"]

1. d4 d5 2. c4 dxc4 3. Nf3 Nf6 4. e3 Bg4 5. Bxc4 e6 6. O-O a6 7. Nbd2 Nc6 8. h3 Bh5 9. a3 Bd6 10. b4 O-O 11. Bb2 e5 12. g4 e4 13. gxh5 exf3 14. Qxf3 Qe8 15. h6 Qe7 16. hxg7 Kxg7 17. Kh1 Kh8 18. Rg1 Rad8 19. e4 Ng8 20. Bc3 Qh4 21. e5 Be7 22. d5 Nb8 23. Rg4 Qh6 24. Rag1 f6 25. Ne4 f5 26. Rxg8+ Rxg8 27. e6+ 1-0


[Site "https://www.chess.com"]

[Event "Titled Tuesday Blitz October 5 2021"]
[White "Timmermans, Mark"]
[Black "Gelman, Alexander"]
[WhiteFideId "1026399"]
[BlackFideId "4118316"]
[WhiteElo "2460"]
[BlackElo "2375"]
[Result "1-0"]
[Round "10"]
[TimeControl "180+1"]
[Date "2021.10.05"]
[WhiteClock "0:01:38"]
[BlackClock "0:01:54"]

1. b4 b6 2. Bb2 Bb7 3. b5 Nf6 4. e3 c5 5. c4 e6 6. Nf3 d6 7. a4 a5 8. Be2 Nbd7 9. O-O Qc7 10. d4 Rg8 11. Nfd2 g5 12. Bf3 g4 13. Bxb7 Qxb7 14. Nc3 h5 15. Qc2 h4 16. Nce4 h3 17. dxc5 bxc5 18. Bxf6 d5 19. Bh4 dxe4 20. Qxe4 Qxe4 21. Nxe4 f5 22. Nf6+ Nxf6 23. Bxf6 Kf7 24. Be5 Bg7 25. Bxg7 Kxg7 26. Rfd1 Rgd8 27. gxh3 gxh3 28. Kf1 Kf6 29. Rxd8 Rxd8 30. Ke2 Rg8 31. b6 Ke5 32. Rb1 Kd6 33. Rb5 Kc6 34. b7 Rb8 35. Rxa5 Rxb7 36. Rb5 Rg7 37. a5 Rg2 38. a6 Rg1 39. Ra5 Rg8 40. a7 Ra8 41. Kf3 Kb6 42. Rb5+ Kc6 43. Ra5 Kb6 44. Ra1 Rxa7 45. Rxa7 Kxa7 46. Kg3 Ka6 47. Kxh3 Ka5 48. Kg2 Kb4 49. h4 Kxc4 50. h5 Kd3 51. h6 c4 52. h7 c3 53. h8=Q c2 54. Qd4+ Ke2 55. Qc3 Kd1 56. Qd3+ Kc1 57. Kf3 Kb2 58. Qb5+ Ka1 59. Qa4+ Kb1 60. Qb3+ Kc1 61. Ke2 1-0


[Site "https://www.chess.com"]

[Event "Titled Tuesday Blitz October 5 2021"]
[White "Timofeev, Artyom"]
[Black "Yoo, Christopher Woojin"]
[WhiteFideId "4140419"]
[BlackFideId "30909694"]
[WhiteElo "2591"]
[BlackElo "2105"]
[Result "1/2-1/2"]
[Round "10"]
[TimeControl "180+1"]
[Date "2021.10.05"]
[WhiteClock "0:00:32"]
[BlackClock "0:00:08"]

1. c4 Nf6 2. Nc3 e6 3. Nf3 d5 4. e3 b6 5. b3 Bb7 6. Bb2 Nbd7 7. Be2 a6 8. O-O Bd6 9. d3 O-O 10. Qc2 Qe7 11. Rad1 Rad8 12. h3 Rfe8 13. Rfe1 c5 14. cxd5 exd5 15. d4 Rc8 16. dxc5 Bxc5 17. Qd3 Bb4 18. Rf1 Nc5 19. Qf5 g6 20. Qb1 Nce4 21. Nxe4 Nxe4 22. Qd3 Bc3 23. Bxc3 Nxc3 24. Rd2 Qa3 25. Nd4 Nxa2 26. Ra1 Rc1+ 27. Rd1 Rxa1 28. Rxa1 Qb2 29. Rb1 Qc3 30. Qd1 Qc5 31. b4 Nxb4 32. Qa4 Nc6 33. Nxc6 Bxc6 34. Qxa6 Rb8 35. Qa1 b5 36. Rc1 Qb6 37. Bd1 Bd7 38. Bb3 Be6 39. Qe5 Rd8 40. Qd4 Qxd4 41. exd4 Ra8 42. Rc5 Ra1+ 43. Kh2 b4 44. Bxd5 Bxd5 45. Rxd5 Rd1 46. Rd8+ Kg7 47. d5 Kf6 48. d6 Ke6 49. Rb8 Rd4 50. Rb6 Rxd6 51. Rxb4 Kf6 52. g3 h5 53. Kg2 Kg7 54. h4 Ra6 55. Rc4 Ra5 56. Rb4 Rc5 57. Ra4 Rb5 58. Rc4 Ra5 59. Rb4 Ra6 60. Rc4 Re6 61. Rb4 Rf6 62. Rc4 Re6 63. Rb4 Rf6 64. Rc4 Re6 1/2-1/2


[Site "https://www.chess.com"]

[Event "Titled Tuesday Blitz October 5 2021"]
[White "Tristan, Leonardo"]
[Black "Demchenko, Anton"]
[WhiteFideId "113816"]
[BlackFideId "4160258"]
[WhiteElo "2404"]
[BlackElo "2583"]
[Result "0-1"]
[Round "10"]
[TimeControl "180+1"]
[Date "2021.10.05"]
[WhiteClock "0:00:01"]
[BlackClock "0:00:06"]

1. d4 d5 2. Nf3 Nf6 3. Bf4 e6 4. e3 c5 5. Nbd2 Nc6 6. c3 Nh5 7. Bg5 f6 8. Bh4 g6 9. Bd3 cxd4 10. exd4 Nf4 11. Bf1 Bd6 12. Bg3 O-O 13. Bxf4 Bxf4 14. g3 Bc7 15. Bg2 e5 16. dxe5 fxe5 17. Qe2 e4 18. Nd4 Nxd4 19. cxd4 Bb6 20. Nb3 a5 21. O-O a4 22. Nc5 Bc7 23. Qb5 Ra5 24. Qb4 Bd6 25. Qe1 b6 26. b4 Ra7 27. Rd1 Bg4 28. f3 exf3 29. Ne6 Bxe6 30. Qxe6+ Kg7 31. Bxf3 Bxb4 32. Bxd5 Re8 33. Rf7+ Kh8 34. Rxa7 Rxe6 35. Bxe6 Qg5 36. d5 Qe3+ 37. Kg2 Qe2+ 38. Kh3 Qh5+ 39. Kg2 Qxd1 40. Rd7 Bc5 41. h4 Qe2+ 42. Kh3 h5 43. Rd8+ Kg7 44. Rd7+ Kf6 45. Rf7+ Ke5 46. Rf8 Qd1 47. Kg2 Bxf8 0-1


[Site "https://www.chess.com"]

[Event "Titled Tuesday Blitz October 5 2021"]
[White "Tsyhanchuk, Stanislav"]
[Black "Shuvalov, Evgenij"]
[WhiteFideId "13505130"]
[BlackFideId "4187237"]
[WhiteElo "2078"]
[BlackElo "2129"]
[Result "1-0"]
[Round "10"]
[TimeControl "180+1"]
[Date "2021.10.05"]
[WhiteClock "0:00:15"]
[BlackClock "0:00:09"]

1. d4 Nf6 2. c4 g6 3. Nf3 Bg7 4. g3 c6 5. Bg2 d5 6. O-O O-O 7. Nc3 dxc4 8. a4 Na6 9. e3 Nd7 10. Nd2 e5 11. d5 cxd5 12. Nxd5 Nb6 13. Nxb6 Qxb6 14. Nxc4 Qc7 15. Qe2 Be6 16. Na3 Nc5 17. Bd2 Nb3 18. Rad1 Nxd2 19. Rxd2 Rac8 20. Nb5 Qb8 21. Rfd1 Bc4 22. Qf3 Bb3 23. Ra1 b6 24. e4 Be6 25. Rad1 a6 26. Nc3 Rc4 27. b3 Rd4 28. Nd5 Rd8 29. Rxd4 exd4 30. Ne7+ Kf8 31. Nc6 Qd6 32. Nxd8 Qxd8 33. Qd3 a5 34. f4 Qc7 35. e5 Qc3 36. Qxc3 dxc3 37. Rc1 Bxb3 38. Bc6 c2 39. Be4 Bxa4 40. Bxc2 Bd7 41. Bd3 b5 42. Rc5 f6 43. Bxb5 Bxb5 44. Rxb5 fxe5 45. fxe5 Ke7 46. Rxa5 Ke6 47. Ra7 Bxe5 48. Rxh7 Kf6 49. Rb7 g5 50. Kg2 Kf5 51. h3 Bd4 52. Kf3 Bc3 53. Rb5+ Kf6 54. Kg4 Bd2 55. Kh5 Be3 56. g4 Bd2 57. Rf5+ Kg7 58. Rxg5+ Kh7 59. Rd5 Bc1 60. Rd7+ Kh8 61. g5 Bb2 62. Kg6 1-0


[Site "https://www.chess.com"]

[Event "Titled Tuesday Blitz October 5 2021"]
[White "Vlassov, Nikolai"]
[Black "Salinas Herrera, Pablo"]
[WhiteFideId "4103360"]
[BlackFideId "3407128"]
[WhiteElo "2407"]
[BlackElo "2541"]
[Result "1-0"]
[Round "10"]
[TimeControl "180+1"]
[Date "2021.10.05"]
[WhiteClock "0:00:04"]
[BlackClock "0:00:05"]

1. e4 c5 2. c3 d6 3. d4 Nf6 4. Bd3 Qc7 5. f4 Bg4 6. Nf3 Bxf3 7. gxf3 g6 8. Be3 Bh6 9. Na3 a6 10. Qd2 O-O 11. f5 Bxe3 12. Qxe3 Nc6 13. fxg6 hxg6 14. d5 Ne5 15. Be2 c4 16. f4 Nd3+ 17. Bxd3 cxd3 18. Qxd3 b5 19. Nc2 Rfe8 20. O-O e6 21. dxe6 Rxe6 22. Rae1 Rae8 23. f5 Rxe4 24. Rxe4 Nxe4 25. fxg6 Qc5+ 26. Nd4 Qg5+ 27. Kh1 fxg6 28. Qf3 Qe7 29. Rg1 g5 30. Nf5 Qf6 31. h4 Re5 32. Nd4 Qh6 33. Rf1 Qg7 34. h5 g4 35. Qf4 Rxh5+ 36. Kg2 Re5 37. Nf5 Qg6 38. Ne7+ Rxe7 39. Qf8+ Kh7 40. Qxe7+ Kh6 41. Qh4+ Kg7 42. Qe7+ Kh6 43. Rh1+ 1-0


[Site "https://www.chess.com"]

[Event "Titled Tuesday Blitz October 5 2021"]
[White "Vokhidov, Shamsiddin"]
[Black "Jobava, Baadur"]
[WhiteFideId "14204223"]
[BlackFideId "13601520"]
[WhiteElo "2616"]
[BlackElo "2731"]
[Result "1-0"]
[Round "10"]
[TimeControl "180+1"]
[Date "2021.10.05"]
[WhiteClock "0:00:33"]
[BlackClock "0:00:53"]

1. e4 e5 2. Nf3 Nf6 3. Nc3 d6 4. d4 Nbd7 5. Bc4 Be7 6. a4 O-O 7. O-O c6 8. Re1 h6 9. b3 Re8 10. h3 Qc7 11. Bd3 a5 12. Ne2 Nf8 13. Ng3 Ng6 14. Be3 Bf8 15. Qd2 Be6 16. Rad1 Rad8 17. Qc1 Bc8 18. c4 Nd7 19. Bc2 exd4 20. Nxd4 Nc5 21. Ndf5 Ne5 22. Nh5 Ne6 23. Nxh6+ gxh6 24. Bxh6 Qe7 25. Bxf8 Nxf8 26. Qh6 f6 27. Nxf6+ Kf7 28. Nxe8 Kxe8 29. f4 Nf7 30. Qh5 Ne6 31. Rf1 Kd7 32. e5 Rh8 33. Qe2 Nc5 34. Qe3 b6 35. Bf5+ Kc7 36. exd6+ 1-0


[Site "https://www.chess.com"]

[Event "Titled Tuesday Blitz October 5 2021"]
[White "Von Buelow, Georg"]
[Black "Karttunen, Mika"]
[WhiteFideId "4620658"]
[BlackFideId "502081"]
[WhiteElo "2239"]
[BlackElo "2343"]
[Result "0-1"]
[Round "10"]
[TimeControl "180+1"]
[Date "2021.10.05"]
[WhiteClock "0:01:53"]
[BlackClock "0:00:34"]

1. e4 e5 2. Nf3 Nc6 3. Nc3 Nf6 4. d4 exd4 5. Nxd4 Bb4 6. Nxc6 bxc6 7. Bd3 d5 8. exd5 cxd5 9. O-O O-O 10. Bg5 c6 11. Qf3 h6 12. Bf4 Bd6 13. h3 Rb8 14. b3 Rb4 15. Bd2 Rh4 16. Rfe1 Bc7 17. Ne2 Ne4 18. Bf4 Bxf4 19. Nxf4 Qf6 0-1


[Site "https://www.chess.com"]

[Event "Titled Tuesday Blitz October 5 2021"]
[White "Vovk, Orest"]
[Black "Ozen, Bahadir"]
[WhiteFideId "14113490"]
[BlackFideId "6337058"]
[WhiteElo "2203"]
[BlackElo "2503"]
[Result "0-1"]
[Round "10"]
[TimeControl "180+1"]
[Date "2021.10.05"]
[WhiteClock "0:00:07"]
[BlackClock "0:00:10"]

1. h3 d5 2. e4 c6 3. Nc3 dxe4 4. Nxe4 Nf6 5. d3 Nxe4 6. dxe4 Qxd1+ 7. Kxd1 e5 8. Be3 Be6 9. Nf3 f6 10. Nd2 Nd7 11. Bc4 Kf7 12. Bxe6+ Kxe6 13. Ke2 Bc5 14. Nb3 Bxe3 15. Kxe3 Rhd8 16. Rhd1 b6 17. a4 Ke7 18. a5 Nf8 19. axb6 axb6 20. Rxd8 Rxd8 21. Ra6 Nd7 22. Ra7 Kd6 23. Nd2 b5 24. Nb3 g6 25. Na5 Rc8 26. Nb7+ Ke6 27. b4 f5 28. Nc5+ Nxc5 29. bxc5 h5 30. f3 Kf6 31. Rd7 Re8 32. Rc7 Re6 33. h4 g5 34. hxg5+ Kxg5 35. Rc8 h4 36. Rg8+ Rg6 37. Re8 Kf6 38. Rf8+ Kg7 39. Rxf5 Rxg2 40. Rxe5 h3 41. Rh5 h2 42. Kd3 Kg6 43. Rh8 b4 44. f4 Kg7 45. Rh4 Kf6 46. Kc4 Rxc2+ 47. Kxb4 Re2 48. e5+ Kf5 49. Ka5 Rb2 50. Ka6 Ke6 51. Rh5 Kd5 52. Ka7 Kxc5 53. f5 Kd5 54. e6 Kd6 55. Rh7 Re2 56. Rd7+ Ke5 57. Rh7 Kxf5 58. e7 Rxe7+ 59. Rxe7 h1=Q 60. Kb6 Qd5 61. Rc7 Qb5+ 62. Ka7 c5 63. Ka8 c4 64. Rh7 Ke4 65. Rh5 Qxh5 0-1


[Site "https://www.chess.com"]

[Event "Titled Tuesday Blitz October 5 2021"]
[White "Vusatiuk, Vladimir"]
[Black "Janaszak, Dawid"]
[WhiteFideId "14118610"]
[BlackFideId "1119206"]
[WhiteElo "2167"]
[BlackElo "2215"]
[Result "1-0"]
[Round "10"]
[TimeControl "180+1"]
[Date "2021.10.05"]
[WhiteClock "0:00:06"]
[BlackClock "0:00:29"]

1. d4 Nf6 2. c4 c5 3. d5 b5 4. cxb5 a6 5. bxa6 Bxa6 6. Nc3 d6 7. e4 Bxf1 8. Kxf1 g6 9. g3 Bg7 10. Kg2 O-O 11. Nf3 Qb6 12. a4 Na6 13. Qe1 Nc7 14. Qe2 Qa6 15. Qxa6 Rxa6 16. Nd2 Rb8 17. f3 Nd7 18. Ra3 Rb4 19. Ndb1 Nb6 20. b3 c4 21. a5 Nd7 22. bxc4 Rxc4 23. Be3 f5 24. Rc1 Kf7 25. Nd2 Rxc3 26. Rcxc3 Bxc3 27. Rxc3 Nb5 28. Rb3 Rxa5 29. Nc4 Ra2+ 30. Kh3 Rc2 31. Na5 Rc3 32. Rxb5 Rxe3 33. exf5 gxf5 34. f4 Nf6 35. Nc6 Re2 36. Nd4 Rd2 37. Nxf5 Nxd5 38. Rb7 Kf6 39. Nh4 Ne3 40. Nf3 Rf2 41. Ng5 d5 42. Nxh7+ Ke6 43. Ng5+ Kd6 44. Rb6+ Kc5 45. Re6 d4 46. Ne4+ Kd5 47. Re5+ Kc4 48. Nxf2 Nd5 49. Kg4 Nc3 50. h4 d3 51. Nxd3 Kxd3 52. Rxe7 Nd1 53. h5 Nf2+ 54. Kg5 Kd4 55. h6 1-0


[Site "https://www.chess.com"]

[Event "Titled Tuesday Blitz October 5 2021"]
[White "Wagner, Dennis"]
[Black "Avila Pavas, Santiago"]
[WhiteFideId "24650684"]
[BlackFideId "4437128"]
[WhiteElo "2355"]
[BlackElo "2292"]
[Result "0-1"]
[Round "10"]
[TimeControl "180+1"]
[Date "2021.10.05"]
[WhiteClock "0:00:04"]
[BlackClock "0:01:59"]

1. d4 Nf6 2. c4 c5 3. e3 cxd4 4. exd4 d5 5. Nc3 Nc6 6. Nf3 e6 7. cxd5 Nxd5 8. Bd3 Be7 9. O-O O-O 10. Re1 Nf6 11. Bg5 b6 12. Qd2 Bb7 13. a3 Nd5 14. Nxd5 Qxd5 15. Bxe7 Nxe7 16. Re5 Qd8 17. Bxh7+ Kxh7 18. Ng5+ Kg8 19. Qd3 Nf5 20. f4 Qxd4+ 21. Qxd4 Nxd4 0-1


[Site "https://www.chess.com"]

[Event "Titled Tuesday Blitz October 5 2021"]
[White "Warmerdam, Max"]
[Black "Svane, Rasmus"]
[WhiteFideId "1048104"]
[BlackFideId "4657101"]
[WhiteElo "2537"]
[BlackElo "2643"]
[Result "1-0"]
[Round "10"]
[TimeControl "180+1"]
[Date "2021.10.05"]
[WhiteClock "0:00:20"]
[BlackClock "0:00:01"]

1. e4 c6 2. d4 d5 3. e5 Bf5 4. Nd2 e6 5. Nb3 Ne7 6. Nf3 Nd7 7. Be2 Ng6 8. O-O f6 9. Bd3 Bg4 10. h3 Bxf3 11. Qxf3 fxe5 12. Bxg6+ hxg6 13. Qg3 Kf7 14. dxe5 Qh4 15. Bf4 Be7 16. Qe3 Qh5 17. Bg3 Raf8 18. c4 Nb6 19. cxd5 Nxd5 20. Qxa7 b6 21. Nd4 Rc8 22. Qd7 Nc7 23. Nxc6 Nd5 24. Nd4 Nc7 25. Rac1 Rhd8 26. Qa4 Bc5 27. Nc6 Rd3 28. b4 Rxg3 29. bxc5 Rg5 30. f4 Rg3 31. cxb6 Nd5 32. Rf2 Qxh3 33. Qa7+ Kg8 34. b7 Rf8 35. b8=Q Rxb8 36. Qxb8+ Kh7 37. Qb2 Ne3 38. Nd4 Ng4 39. Nf3 Qh5 40. Rc7 Ne3 41. Ng5+ 1-0


[Site "https://www.chess.com"]

[Event "Titled Tuesday Blitz October 5 2021"]
[White "Weetik, Vjacheslav"]
[Black "Nguyen Hong Nhung"]
[WhiteFideId "4153472"]
[BlackFideId "12412201"]
[WhiteElo "2469"]
[BlackElo "1661"]
[Result "1-0"]
[Round "10"]
[TimeControl "180+1"]
[Date "2021.10.05"]
[WhiteClock "0:00:07"]
[BlackClock "0:00:38"]

1. c3 f5 2. g4 d5 3. g5 g6 4. h4 e5 5. d4 Bg7 6. dxe5 Bxe5 7. Nf3 Bg7 8. h5 Ne7 9. h6 Bf8 10. c4 Nbc6 11. Nc3 Be6 12. Bf4 dxc4 13. Qa4 Kf7 14. e3 Nd5 15. Rd1 Bb4 16. Bxc4 Nxc3 17. Bxe6+ Kxe6 18. bxc3 Bxc3+ 19. Ke2 Qe8 20. Qc4+ Ke7 21. Qxc3 Qf7 22. Ne5 Qxa2+ 23. Rd2 Qa6+ 24. Kf3 Rad8 25. Nxc6+ Qxc6+ 26. Qxc6 bxc6 27. Rc2 Ra8 28. Rxc6 Rhc8 29. Rhc1 a5 30. Rxc7+ Rxc7 31. Rxc7+ Ke6 32. Rxh7 a4 33. Rb7 a3 34. Rb1 a2 35. Ra1 Kd5 36. Ke2 Kc4 37. Be5 Kb3 38. h7 Rc8 39. h8=Q Rc2+ 40. Kf3 Rc4 41. Qb8+ Rb4 42. Qxb4+ Kxb4 43. Rxa2 Kc4 44. Kf4 Kd3 45. Ra6 Ke2 46. Rxg6 Kxf2 47. Kxf5 Kxe3 48. Rd6 Kf3 49. g6 Kg2 50. g7 Kh1 51. Rd2 Kg1 52. g8=Q+ Kh1 53. Qg2# 1-0


[Site "https://www.chess.com"]

[Event "Titled Tuesday Blitz October 5 2021"]
[White "Yeritsyan, Hayk"]
[Black "Djordjevic, Vuk"]
[WhiteFideId "13307320"]
[BlackFideId "902098"]
[WhiteElo "2432"]
[BlackElo "2463"]
[Result "0-1"]
[Round "10"]
[TimeControl "180+1"]
[Date "2021.10.05"]
[WhiteClock "0:00:07"]
[BlackClock "0:00:05"]

1. d4 Nf6 2. c4 e6 3. Nc3 Bb4 4. e3 O-O 5. Ne2 d5 6. cxd5 exd5 7. a3 Be7 8. Ng3 c6 9. Bd3 Re8 10. O-O a5 11. Rb1 b5 12. f3 Ba6 13. b4 Bc8 14. Re1 axb4 15. axb4 Na6 16. Ba3 Bd6 17. Qc1 Qe7 18. Qb2 Nc7 19. e4 Bxg3 20. hxg3 dxe4 21. fxe4 Qd6 22. d5 Qxg3 23. Rbd1 Ncxd5 24. Nxd5 Nxd5 25. Qf2 Qxf2+ 26. Kxf2 Nf4 27. Bc1 Ra2+ 28. Kf3 Ng6 29. e5 Be6 30. Bxg6 hxg6 31. Rd2 Bd5+ 32. Kg3 Ra1 33. Rde2 Rb1 34. Bd2 Rb3+ 35. Re3 Rb2 36. R1e2 Bc4 37. Rf2 Rd8 38. Bc3 Rb3 39. Rd2 Ra8 40. Rb2 Rba3 41. Bd4 R3a4 42. Bc5 Ra1 43. Rd2 Bd5 44. Kf4 Rc1 45. Kg3 Re8 46. Rf2 g5 47. Rf5 g4 48. Rf2 Rc4 49. Rf4 Rxf4 50. Kxf4 Bxg2 51. Kxg4 Bd5 52. Kf5 Be6+ 53. Kf4 Rd8 54. Ke4 Bd5+ 55. Kf4 Re8 56. Ra3 Kh7 57. Kf5 Be6+ 58. Kf4 Rd8 59. Bd6 Rc8 60. Ra7 Kg6 61. Rc7 Rh8 62. Rxc6 Rh4+ 63. Ke3 Kf5 64. Rc1 Rh3+ 65. Kd4 g5 66. Rf1+ Kg6 67. Rf6+ Kh5 68. Kc5 Bc4 69. Rf2 g4 70. Rd2 g3 71. Rd1 g2 72. Rg1 Rg3 73. e6 Rg5+ 74. Kd4 fxe6 75. Ke3 Bd5 76. Bf4 Rf5 77. Bh2 Kg4 78. Bd6 Rf1 79. Bc5 Rxg1 80. Kd4 Rd1+ 81. Ke5 Re1+ 0-1


[Site "https://www.chess.com"]

[Event "Titled Tuesday Blitz October 5 2021"]
[White "Zhigalko, Sergei"]
[Black "Viani Antonio Dcunha"]
[WhiteFideId "13502956"]
[BlackFideId "5027330"]
[WhiteElo "2662"]
[BlackElo "2366"]
[Result "1-0"]
[Round "10"]
[TimeControl "180+1"]
[Date "2021.10.05"]
[WhiteClock "0:00:19"]
[BlackClock "0:00:01"]

1. e4 e5 2. Nf3 Nc6 3. Bc4 Nf6 4. Ng5 d5 5. exd5 Na5 6. Bb5+ c6 7. dxc6 bxc6 8. Bd3 Nd5 9. h4 Nf4 10. Bf1 h6 11. Nf3 e4 12. d4 Ne6 13. Nfd2 Qxd4 14. Qe2 Nc5 15. Nb3 Naxb3 16. axb3 Be6 17. Nc3 Be7 18. Be3 Qe5 19. Bxc5 Qxc5 20. Qxe4 O-O 21. Bd3 g6 22. Qf4 Rfe8 23. O-O Kg7 24. Rfe1 Bd6 25. Ne4 Bxf4 26. Nxc5 Bg4 27. g3 Be5 28. c3 f5 29. Bc4 f4 30. Nd3 Bd6 31. Rxe8 Rxe8 32. Rxa7+ Kh8 33. Nxf4 Bxf4 34. gxf4 Bf3 35. Kh2 Re1 36. Kg3 Be4 37. f3 Re3 38. Be2 Rxe2 39. fxe4 1-0


[Site "https://www.chess.com"]

[Event "Titled Tuesday Blitz October 5 2021"]
[White "ketster"]
[Black "Krivonosov, Oleg"]
[BlackFideId "11600349"]
[WhiteElo "2552"]
[BlackElo "2469"]
[Result "0-1"]
[Round "10"]
[TimeControl "180+1"]
[Date "2021.10.05"]
[WhiteClock "0:00:04"]
[BlackClock "0:00:11"]

1. d4 d5 2. c4 e6 3. Nf3 Nf6 4. g3 Be7 5. Bg2 O-O 6. Qc2 Nbd7 7. O-O c6 8. Nbd2 b6 9. Rd1 Bb7 10. e4 Rc8 11. e5 Ne8 12. b3 Nc7 13. Bb2 h6 14. Rac1 c5 15. Qb1 cxd4 16. Bxd4 Bc5 17. Qb2 Qe7 18. Nb1 dxc4 19. Rxc4 Rfd8 20. b4 Bxd4 21. Rcxd4 Nf8 22. Nc3 Rxd4 23. Rxd4 Rd8 24. Qd2 Rxd4 25. Qxd4 Qd7 26. Qe3 Ng6 27. h4 Nd5 28. Nxd5 Bxd5 29. a3 Qc7 30. h5 Ne7 31. Nd4 Bxg2 32. Kxg2 Nd5 33. Qe4 a5 34. Nb5 Qc6 35. Nd6 f5 36. Qf3 axb4 37. axb4 Nxb4 38. Qxc6 Nxc6 39. f4 g6 40. hxg6 Kg7 41. Kf3 Kxg6 42. Nc4 b5 43. Nd2 b4 44. Nb3 Ne7 45. Nc5 Kf7 46. Ke3 Ng6 47. Kd3 h5 48. Kc4 h4 49. gxh4 Nxf4 50. Kxb4 Ng6 51. Nd3 Nxh4 52. Kc4 Kg6 53. Nc5 Kf7 54. Kd4 Nf3+ 55. Ke3 Nxe5 56. Kf4 Kf6 57. Nb3 Ng6+ 58. Kf3 e5 59. Nc5 Ne7 60. Nd7+ Ke6 61. Nc5+ Kd5 62. Nd7 Nc6 63. Nf6+ Ke6 64. Nh5 Nd4+ 65. Ke3 Kf7 66. Kf2 f4 0-1


[Site "https://www.chess.com"]